Unix NetHack Version 5.0.0-0 post-release - last build May 31 2026 13:37:37 (4f47d67043fb8e84071ad9bc9740482a2de5bd5e,branch:main).

Game began 2026-05-31 21:08:29, ended 2026-05-31 22:07:07.

Felix1, neutral male human Barbarian

      --------          ------------       -----+-..---
      |.......#         |.....k....|    ###.....[......#`   ----.-----
      |..<...|#         |..........|    #  |....i.....|    #|........|
      |......|#        #...........|       .....i@e..>|     ..........#
      --------##       #-----.------      #-.-----..---     |........|#
               #       #     #            ###    #       ###.........|#
               #       #     #         ` *# %            #  ----------#
               ##      #     #          # # ####         #            #
                #      #     # ###      ###   #        ###            #
                #      #     #  [       # #   ###      #              #
                # -----#  ###############  #    #    ###              #
                # |....#  #-----------##       ..----#                #
                #%....|   #|..........#        |....|#               ##
                  |....####|.........|         .....|#               #  ---
                  |(..|    |.........|         |..{..#               #  %!|
                  |...|    |.........|         .....|                # .%%|
                  -----    -----------         ------                #|.%(|
                                                                     #-.%%|
                                                                      -----

Felix1 the Bandit          St:18 Dx:15 Co:18 In:8 Wi:8 Ch:9  Neutral
Dlvl:5  $:222 HP:0(74) Pw:13(13) AC:3  Xp:6 T:4239 

Latest messages:
 The manes hits!
 The manes hits again!
 The manes bites!
 You hear the footsteps of a guard on patrol.
 The manes hits!
 The manes hits again!
 The manes bites!
 The manes hits!
 The manes misses!
 The manes bites!
 You hear bubbling water.
 The manes hits!
 The manes hits again!
 The manes misses!
 The manes misses!
 The manes hits!
 The manes bites!
 The manes just misses!
 The manes misses!
 The manes misses!
 The manes misses!
 The manes hits!
 The manes misses!
 You hear someone counting gold coins.
 The manes hits!
 The manes hits again!
 The manes misses!
 The manes hits!
 The manes hits again!
 The manes bites!
 The manes hits!
 The manes hits again!
 The manes bites!
 The manes hits!
 The manes misses!
 The manes bites!
 The manes hits!
 The manes misses!
 The manes bites!
 The manes hits!
 The manes hits again!
 The manes bites!
 The manes hits!
 The manes just misses!
 The manes bites!
 The manes hits!
 The manes hits again!
 The manes bites!
 You die...
 Do you want your possessions identified? [ynq] (y) q

Inventory:
 Coins    ('$')
  $ - 222 gold pieces
 Weapons  (')')
  B - 7 blessed +1 shuriken
  a - a blessed +0 two-handed sword (weapon in hands)
 Armor    ('[')
  l - an uncursed rusty +0 dwarvish iron helm (being worn)
  g - an uncursed +0 pair of gauntlets of power
  f - an uncursed +0 shield of drain resistance
  n - an uncursed +0 dwarvish mithril-coat (being worn)
 Comestibles  ('%')
  d - 3 uncursed food rations
 Scrolls  ('?')
  F - a blessed scroll of blank paper
  k - an uncursed scroll of identify
 Spellbooks  ('+')
  s - an uncursed spellbook of detect food
  q - an uncursed spellbook of drain life
 Potions  ('!')
  C - an uncursed potion of booze
  u - an uncursed potion of hallucination
  i - an uncursed potion of restore ability
 Tools    ('(')
  D - a +0 pick-axe (alternate weapon; not wielded)

Felix1 the Barbarian's attributes:

Background:
 You were a Bandit, a level 6 male human Barbarian.
 You were neutral, on a mission for Crom
 who was opposed by Mitra (lawful) and Set (chaotic).
 You were right-handed.
 You were in the Dungeons of Doom, on level 5.
 You entered the dungeon 4239 turns ago.
 It was nighttime.
 There was a full moon in effect when your adventure ended.
 You had 431 experience points, 209 more were needed to attain level 7.

Basics:
 You had 0 out of 74 hit points.
 You had all 13 energy points (spell power).
 Your armor class was 3.
 Your wallet contained 222 zorkmids.
 Autopickup was off.

Final Characteristics:
 Your strength was 18 (limit:18/100).
 Your dexterity was 15 (limit:18).
 Your constitution was 18 (limit:18).
 Your intelligence was 8 (limit:18).
 Your wisdom was 8 (limit:18).
 Your charisma was 9 (limit:18).

Final Status:
 You weren't hungry.
 You were unencumbered.
 You were wielding a two-handed sword.
 You had basic skill with two-handed sword and could have enhanced that.

Final Attributes:
 You were piously aligned.
 You were poison resistant.
 You were telepathic.
 You were guarded.
 You were lucky.
 You are dead.

Miscellaneous:
 You didn't encounter any bones levels.
 Total elapsed playing time was 58 minutes and 10 seconds.

Major events:
 Turn
    1: Felix1 the neutral male human Barbarian entered the dungeon
  741: attained the rank of Pillager (level 3)
 1813: entered the Gnomish Mines
 3479: attained the rank of Bandit (level 6)
 4239: killed by a manes, while frozen by a floating eye's gaze

You didn't know any spells.

Skills:
 Fighting Skills
   bare handed combat [Basic]
   two weapon combat  [Unskilled]
   riding             [Unskilled]
 Weapon Skills
   dagger             [Unskilled]
   axe                [Basic]
   pick-axe           [Unskilled]
   short sword        [Unskilled]
   broadsword         [Unskilled]
   long sword         [Unskilled]
   two-handed sword   [Basic]
   saber              [Unskilled]
   club               [Unskilled]
   mace               [Unskilled]
   morning star       [Unskilled]
   flail              [Unskilled]
   hammer             [Unskilled]
   quarterstaff       [Unskilled]
   spear              [Unskilled]
   trident            [Unskilled]
   bow                [Unskilled]
 Spellcasting Skills
   attack spells      [Unskilled]
   escape spells      [Unskilled]

Voluntary challenges:
 Character rerolling was not enabled.
 You never genocided any monsters.
 You never polymorphed an object.
 You used no wishes.
Achievements:
 You attained the rank of Pillager.
 You entered the Gnomish Mines.
 You entered a shop.
 You attained the rank of Bandit.

 The Dungeons of Doom: levels 1 to 5
    Level 1:
       A fountain.
    Level 2:
    Level 3:
       Some fountains.
       Stairs down to The Gnomish Mines.
    Level 4:
       A general store.
    Level 5: <- You were here.
       A food shop, a fountain.
       Final resting place for
          you, killed by a manes, while frozen by a floating eye's gaze.
 The Gnomish Mines:
    Level 4:


Vanquished creatures:
  a dingo
  a housecat
  a rock mole
  a fog cloud
  a gnome leader
  a gray ooze
  2 elf zombies
  a paper golem
  a little dog
  3 floating eyes
  3 dwarves
  a homunculus
  5 hill orcs
  a rothe
  a giant bat
  3 orc zombies
  a wererat
  a werejackal
  2 iguanas
 an acid blob
  2 coyotes
  a hobbit
  a giant rat
  a green mold
  a red mold
  5 gnomes
  a garter snake
  5 geckos
  3 jackals
  2 kobolds
  2 goblins
  3 sewer rats
  3 grid bugs
  2 bats
64 creatures vanquished.

No species were genocided or became extinct.

Game over:
                       ----------
                      /          \
                     /    REST    \
                    /      IN      \
                   /     PEACE      \
                  /                  \
                  |      Felix1      |
                  |      222 Au      |
                  |   killed by a    |
                  |      manes       |
                  |                  |
                  |                  |
                  |       2026       |
                 *|     *  *  *      | *
        _________)/\\_//(\/(/\)/\//\/|_)_______

Goodbye Felix1 the Barbarian...

You died in The Dungeons of Doom on dungeon level 5 with 2134 points,
and 222 pieces of gold, after 4239 moves.
You were level 6 with a maximum of 74 hit points when you died.

